 Dungeon Crawl Stone Soup version 0.31-a0-851-g7ff8af7976 (webtiles) character file.

Game seed: 737614358945704074

68 MachoJfn the Firebug (level 4, -17/24 HPs)
             Began as a Deep Elf Fire Elementalist on Oct 7, 2023.
             Killed from afar by Ijyb (22 damage)
             ... with an iceblast
             ... on level 3 of the Dungeon.
             The game lasted 00:07:28 (2346 turns).

MachoJfn the Firebug (Deep Elf Fire Elementalist)   Turns: 2346, Time: 00:07:28

Health: -17/24     AC:  3    Str:  5    XL:     4   Next: 1%
Magic:  11/12      EV: 12    Int: 22    God:
Gold:   123        SH:  0    Dex: 15    Spells: 5/11 levels left

rFire   . . .        d - +0 spear
rCold   . . .        (no shield)
rNeg    . . .        o - +0 leather armour
rPois   .            (no helmet)
rElec   .            (no cloak)
rCorr   .            (no gloves)
SInv    .            (no boots)
Will    .....        (no amulet)
Stlth   ++           m - ring of flight
HPRegen 0.24/turn    (no ring)
MPRegen 0.13/turn

%: no passive effects
@: flying
A: no striking features
a: no special abilities


You were on level 3 of the Dungeon.
You visited 1 branch of the dungeon, and saw 3 of its levels.

You collected 123 gold pieces.

Inventory:

Hand Weapons
 d - a +0 spear (weapon)
Missiles
 f - 25 stones
 j - 2 atropa-tipped darts
Armour
 o - a +0 leather armour (worn)
Magical Staves
 k - a staff of death
Jewellery
 m - a ring of flight (left hand)
Wands
 i - a wand of flame (21)
Scrolls
 a - a scroll of brand weapon {unknown}
 l - a scroll of poison
Potions
 b - a potion of magic
 c - 2 potions of degeneration {unknown}
 e - a potion of heal wounds {unknown}
 g - a potion of curing {unknown}
 h - a potion of cancellation {unknown}


   Skills:
 + Level 2.8 Dodging
 + Level 2.7 Stealth
 + Level 4.1 Spellcasting
 + Level 1.1 Conjurations
 + Level 4.4 Fire Magic


You had 5 spell levels left.
You knew the following spells:

 Your Spells              Type           Power      Damage    Failure   Level
a - Foxfire               Conj/Fire      64%        2x1d7     6%          1
b - Scorch                Fire           48%        2d7       4%          2
c - Volatile Blastmotes   Fire/Tloc      28%        2d12      22%         3

Your spell library contained the following spells:

 Spells                   Type           Power      Damage    Failure   Level
 Inner Flame              Hex/Fire       14%        N/A       22%         3
 Flame Wave               Conj/Fire      16%        2d7       50%         4


Dungeon Overview and Level Annotations

Branches:
Dungeon (3/15)

Altars:

Annotations:
D:3 Ijyb


Message History

This spell is extremely dangerous to cast!
You start memorising the spell.
You continue memorising. x3
You finish memorising.
Spell assigned to 'c'.
Casting: Scorch (safe; 4% risk of failure)
Confirm with . or Enter, or press ? or * to list all spells.
You miscast Volatile Blastmotes.
You are very lightly contaminated with residual magic.
Heat runs through your body.
You start resting.
Your magical contamination has completely faded away.
Casting: Volatile Blastmotes (extremely dangerous; 22% risk of failure)
Confirm with . or Enter, or press ? or * to list all spells.
A cloud of volatile blastmotes flares up around you!
Found a stone staircase leading up.
a - a scroll labelled SAQEYS TUSKAP You start resting.
HP restored.
You start resting.
Magic restored.
There is a stone staircase leading up here.
g - a dark potion
There is a stone staircase leading down here.
You reach down and open the door.
There is an open door here.
Ijyb the Twisted Goblin comes into view.
She is wielding a +0 spectral club and carrying a wand of iceblast.
Casting: Volatile Blastmotes (extremely dangerous; 22% risk of failure)
Confirm with . or Enter, or press ? or * to list all spells.
A cloud of volatile blastmotes flares up around you!
Ijyb zaps a wand.
The mass of ice explodes!
The iceblast engulfs you!
Ouch! That really hurt!
There is an open door here.
Ijyb zaps a wand.
The mass of ice explodes!
The iceblast engulfs you!
* * * LOW HITPOINT WARNING * * *
You hear an angry hiss.
There is a stone staircase leading down here.
An adder comes into view.
There is a stone staircase leading up here.
Ijyb zaps a wand.
The mass of ice explodes!
The iceblast engulfs you!!
Ouch! That really hurt!
You die...

##S## #... #. #.#.## ##....
#..##### #..#.## ##.....
##.....<######†#...####......
...................>..'......
##...##.######.#...####......
##. #.# ###.##g## ##..... #
..# #.......# ##.... .###
#@#.###.# #... #. #.#.# #.#
#+# # #.#.# #.# #.#.###.#
#.......# #.#.###.#######
#.#.##.........
#.......#####.# #.#.##..#


You could see Ijyb.

Vanquished Creatures
  3 adders
  A worm (D:2)
  A dart slug (D:1)
  5 endoplasms
  5 goblins
  3 hobgoblins
  3 jackals (D:1)
  4 kobolds (D:1)
  A quokka (D:2)
  3 ball pythons
  A bat (D:1)
  4 rats
34 creatures vanquished.

Vanquished Creatures (others)
  17 foxfires (D:1)
17 creatures vanquished.

Grand Total: 51 creatures vanquished

Notes
Turn   | Place    | Note
-------+----------+-------------------------------------------
     0 | D:1      | MachoJfn the Deep Elf Fire Elementalist began the quest for
                  | the Orb.
     0 | D:1      | Reached XP level 1. HP: 10/10 MP: 6/6
   336 | D:1      | Reached XP level 2. HP: 15/15 MP: 5/8
   339 | D:1      | Learned a level 2 spell: Scorch
   548 | D:1      | Found a faded altar of an unknown god.
   557 | D:1      | Got a mumbling book
  1417 | D:2      | Reached XP level 3. HP: 19/19 MP: 7/10
  2218 | D:3      | Reached XP level 4. HP: 22/24 MP: 7/12
  2222 | D:3      | Learned a level 3 spell: Volatile Blastmotes
  2330 | D:3      | Noticed Ijyb
  2346 | D:3      | Killed from afar by Ijyb

Illustrated notes

Levels and vault maps discovered:
D:1:      onia_arrival_pentagram, layout_loops_corners,
          shapermc_ecumenical_altar_rom_forum
D:2:      layout_loops_ring
D:3:      layout_loops_corners, serial_shops, shop, chequers_decorated_corner,
          amcnicky_mini_corridor_feature, minmay_ruptured, uniq_ijyb

Skill      XL: |  1  2  3 |
---------------+----------+-----
Fire Magic     | 4 |  4.4
Spellcasting   | 4 |  4.1
Dodging        | |  2.8
Stealth        | |  2.7
Conjurations   | |  1.1

Action                     |  1- 3 |  4- 6 || total
---------------------------+-------+-------++-------
  Melee: Spear             |     5 |       ||     5
   Cast: Foxfire           |    11 |       ||    11
         Scorch            |    32 |       ||    32
         Volatile Blastmot |       |     2 ||     2
  Evoke: Wand              |     2 |       ||     2
    Use: Scroll            |     3 |       ||     3
 Armour: Robe              |     4 |       ||     4
         Leather armour    |     2 |     3 ||     5
  Dodge: Dodged            |     4 |       ||     4

Table legend: (Time is in decaauts)
 A = Elapsed time spent in this place.
 B = Non-inter-level travel time spent in this place.
 C = Inter-level travel time spent in this place.
 D = Time resting spent in this place.
 E = Time spent auto-exploring this place.
 F = Levels seen in this place.
 G = Mean time per level.
                   A        B        C        D        E       F      G
               +--------+--------+--------+--------+--------+-----+--------+
         Total |   2345 |   1990 |    355 |    264 |   1512 |   3 |  781.7 |
       Dungeon |   2345 |   1990 |    355 |    264 |   1512 |   3 |  781.7 |
               +--------+--------+--------+--------+--------+-----+--------+

Top non-repeatable levels by time:
     D:1: 1207 daAuts
     D:2: 999 daAuts
     D:3: 138 daAuts
